 Dungeon Crawl Stone Soup version 0.29-a0-362-g5854e031c7 (webtiles) character file.

Game seed: 5008692898213959544

6 BobtheKiller the Conjurer (level 1, 0/10 HPs)
             Began as a Deep Elf Conjurer on Apr 29, 2022.
             Constricted to death by a ball python (1 damage)
             ... on level 1 of the Dungeon.
             The game lasted 00:02:15 (82 turns).

BobtheKiller the Conjurer (Deep Elf Conjurer)         Turns: 82, Time: 00:02:15

Health: 0/10       AC:  2    Str:  4    XL:     1   Next: 75%
Magic:  3/6        EV:  9    Int: 22    God:
Gold:   0          SH:  0    Dex: 13    Spells: 5/6 levels left

rFire   . . .      SeeInvis .   (no weapon)
rCold   . . .      Faith    .   (no shield)
rNeg    . . .      Spirit   .   a - +0 robe
rPois   .          Reflect  .   (no helmet)
rElec   .          Harm     .   (no cloak)
rCorr   .          Rampage  .   (no gloves)
Will    .....                   (no boots)
Stlth   +.........              (no amulet)
HPRegen 0.03/turn               (no ring)
MPRegen 0.10/turn               (no ring)

@: silenced, constricted
A: no striking features
a: no special abilities


You were on level 1 of the Dungeon.
You visited 1 branch of the dungeon, and saw 1 of its levels.

Inventory:

Armour
 a - a +0 robe (worn)
Potions
 b - a potion of magic


   Skills:
 + Level 2.5 Dodging
 + Level 2.4 Stealth
 + Level 3.0 Spellcasting
 + Level 4.6 Conjurations


You had 5 spell levels left.
You knew the following spells:

 Your Spells              Type           Power      Damage    Failure   Level
a - Magic Dart            Conj           96%        1d7       1%          1

Your spell library contained the following spells:

 Spells                   Type           Power      Damage    Failure   Level
 Searing Ray              Conj           48%        2d6       2%          2
 Dazzling Flash           Conj/Hex       26%        N/A       14%         3
 Fulminant Prism          Conj/Hex       6%         3d7       43%         4
 Iskenderun's Mystic Bla  Conj/Tloc      13%        2d5       43%         4


Dungeon Overview and Level Annotations

Branches:
Dungeon (1/15)

Altars:


Message History

The magic dart hits the bat.
You kill the bat!
Your extra speed is starting to run out.
c - a scroll labelled LOOCOSKOPHE
As you read the scroll labelled LOOCOSKOPHE, it crumbles to dust.
A profound silence engulfs you.
It was a scroll of silence.
You feel yourself slow down.
Found 8 gold pieces.
A ball python comes into view.
You cannot cast spells when silenced!
You closely miss the ball python. The ball python barely misses you.
The ball python misses you.
You hit the ball python.
The ball python is moderately wounded.
The ball python barely misses you. x2
You hit the ball python but do no damage.
The ball python is moderately wounded.
The ball python bites you but does no damage.
The ball python grabs you. The ball python constricts you.
The ball python bites you. The ball python constricts you.
You barely miss the ball python.
The ball python is moderately wounded.
The ball python bites you. The ball python constricts you.
You closely miss the ball python.
The ball python is moderately wounded.
The ball python closely misses you. The ball python constricts you.
You hit the ball python.
The ball python is heavily wounded.
The ball python bites you.
* * * LOW HITPOINT WARNING * * *
The ball python constricts you.
You hit the ball python.
The ball python is severely wounded.
The ball python closely misses you. The ball python constricts you.
You closely miss the ball python.
The ball python is severely wounded.
The ball python bites you.
* * * LOW HITPOINT WARNING * * *
The ball python constricts you.
You die...

P. ♣...♣ .P ♣...♣ P.
##.P♣♣♣P.P♣♣♣P..♣♣♣..
#..P.....P......PPPP.
#................$...
#..P......P....P...
###...♣ ♣...♣ ♣S.P♣
.....P♣ ♣..P♣ ♣@..♣
####...♣♣♣...♣♣♣...♣♣♣P
......P...P.P.P.†.PP.P..
#####...................
# #..P.PP.......PPP.P. #
#..♣♣♣P..♣♣♣...♣♣♣.. #
#.P♣ ♣P..♣ ♣...♣ . #
#..♣♣♣...♣♣♣...♣ #
#...P....PPPP...P


You could see a ball python.

Vanquished Creatures
  A dart slug (D:1)
  A bat (D:1)
  A quokka (D:1)
  A rat (D:1)
4 creatures vanquished.

Vanquished Creatures (others)
  A plant (D:1)
1 creature vanquished.

Grand Total: 5 creatures vanquished

Notes
Turn   | Place    | Note
-------+----------+-------------------------------------------
     0 | D:1      | BobtheKiller the Deep Elf Conjurer began the quest for the
                  | Orb.
     0 | D:1      | Reached XP level 1. HP: 10/10 MP: 6/6
    82 | D:1      | Constricted to death by a ball python

Illustrated notes

Levels and vault maps discovered:
D:1:      dpeg_arrival_rooms_b, layout_loops_ring,
          dreamdust_ecumenical_altar_hidden_monk_grotto, kennysheep_boxes

Action                   || total
-------------------------++-------
Melee: Unarmed           ||     8
 Cast: Magic Dart        ||     7
  Use: Scroll            ||     1
       Potion            ||     1
Armor: Robe              ||     1
Dodge: Dodged            ||     6

Table legend: (Time is in decaauts)
 A = Elapsed time spent in this place.
 B = Non-inter-level travel time spent in this place.
 C = Inter-level travel time spent in this place.
 D = Time resting spent in this place.
 E = Time spent auto-exploring this place.
 F = Levels seen in this place.
 G = Mean time per level.
                   A        B        C        D        E       F      G
               +--------+--------+--------+--------+--------+-----+--------+
         Total |     62 |     25 |     37 |      0 |      0 |   1 |   62.0 |
       Dungeon |     62 |     25 |     37 |      0 |      0 |   1 |   62.0 |
               +--------+--------+--------+--------+--------+-----+--------+

Top non-repeatable levels by time:
     D:1: 62 daAuts
